 Dungeon Crawl Stone Soup version 0.29.1-13-g9f3cf754e1 (webtiles) character file.

Game seed: 6292729929460456082

1665 Exodus22XD the Cleaver (level 8, -2/70 HPs)
             Began as a Minotaur Fighter on Feb 3, 2023.
             Slain by an orc wizard
             ... wielding a +1 dagger of venom
              (3 damage)
             ... on level 6 of the Dungeon.
             The game lasted 00:05:19 (4899 turns).

Exodus22XD the Cleaver (Minotaur Fighter)           Turns: 4899, Time: 00:05:19

Health: -2/70      AC: 12    Str: 29    XL:     8   Next: 69%
Magic:  7/7        EV:  9    Int:  4    God:
Gold:   209        SH:  6    Dex: 17    Spells: 7/7 levels left

rFire   x . .      SeeInvis .   a - +0 war axe
rCold   . . .      Faith    .   c - +0 buckler
rNeg    + . .      Spirit   .   b - +0 scale mail
rPois   +          Reflect  .   (helmet restricted)
rElec   .          Harm     .   q - +2 ratskin cloak {*Rats rPois rN+ Str-1 Int-1 Dex+1}
rCorr   +          Rampage  .   (no gloves)
Will    .....                   B - +0 pair of boots
Stlth   ..........              (no amulet)
HPRegen 0.21/turn               m - ring of Qaipiarch {rF- rCorr Str+7 Dex+6}
MPRegen 0.10/turn               (no ring)

@: no status effects
A: horns 2, retaliatory headbutt
a: no special abilities


You were on level 6 of the Dungeon.
You visited 2 branches of the dungeon, and saw 7 of its levels.
You also visited: Sewer.

You collected 209 gold pieces.

Inventory:

Hand Weapons
 a - a +0 war axe (weapon)
 C - a +2 vorpal flail
Missiles
 y - a throwing net (quivered)
Armour
 b - a +0 scale mail (worn)
 c - a +0 buckler (worn)
 q - the +2 ratskin cloak (worn) {*Rats rPois rN+ Str-1 Int-1 Dex+1}
   (You found it on level 2 of the Dungeon)

   When the wearer is hurt, rats may emerge from it to assist them.
   Str:       It affects your strength (-1).
   Int:       It affects your intelligence (-1).
   Dex:       It affects your dexterity (+1).
   rPois:     It protects you from poison.
   rN:        It protects you from negative energy.
 B - a +0 pair of boots (worn)
 F - a +0 troll leather armour {Pargi}
Jewellery
 m - the ring of Qaipiarch (left hand) {rF- rCorr Str+7 Dex+6}
   (You found it on level 2 of the Dungeon)

   [ring of dexterity]

   Str:       It affects your strength (+7).
   Dex:       It affects your dexterity (+6).
   rF:        It makes you vulnerable to fire.
   rCorr:     It protects you from acid and corrosion.
Wands
 o - a wand of polymorph (8)
 G - a wand of mindburst (5)
Scrolls
 e - 4 scrolls of identify {unknown}
 f - 4 scrolls of teleportation {unknown}
 l - 3 scrolls of magic mapping {unknown}
 n - a scroll of immolation {unknown}
 r - a scroll of enchant weapon {unknown}
 s - a scroll of butterflies {unknown}
 w - 2 scrolls of poison {unknown}
 z - a scroll of torment {unknown}
 A - 2 scrolls of enchant armour {unknown}
 D - a scroll of fear {unknown}
Potions
 d - a potion of might
 g - a potion of brilliance {unknown}
 h - 2 potions of invisibility {unknown}
 i - 2 potions of attraction {unknown}
 j - 8 potions of heal wounds {unknown}
 k - a potion of flight {unknown}
 p - 3 potions of resistance {unknown}
 t - a potion of berserk rage {unknown}
 u - a potion of magic {unknown}
 v - 3 potions of curing
 x - a potion of degeneration {unknown}
 E - a potion of haste {unknown}
 H - a potion of cancellation {unknown}
 I - a potion of lignification {unknown}


   Skills:
 + Level 5.9 Fighting
 + Level 9.7 Axes
 + Level 7.8 Armour
 + Level 5.3 Shields
 + Level 0.7 Unarmed Combat


You had 7 spell levels left.
You didn't know any spells.
Your spell library was empty.

Dungeon Overview and Level Annotations

Branches:
Dungeon (6/15)             Temple (1/1) D:5           Sewer (visited)

Altars:
Ashenzari
Cheibriados
Elyvilon
Gozag
Makhleb
Nemelex Xobeh
Qazlal
Ru
Trog
Uskayaw
Xom
Yredelemnul
Zin


Innate Abilities, Weirdness & Mutations

You have a pair of horns on your head.
You reflexively headbutt those who attack you in melee.


Message History

The orc misses you.
The orc wizard hits you but does no damage.
The orc priest invokes the aid of Beogh against you.
Beogh smites you!
* * * LOW HITPOINT WARNING * * *
A river rat scurries out from under your cloak.
Something hits you.
* * * LOW HITPOINT WARNING * * *
Unknown command.
You bump into the rock wall.
Something hits you.
* * * LOW HITPOINT WARNING * * *
The orc wizard casts a spell at you.
The magic dart hits you but does no damage.
Your river rat misses the orc wizard.
Okay, then.
It was a potion of curing.
You feel better.
The orc wizard hits you but does no damage.
Something hits you but does no damage.
Your river rat closely misses the orc wizard.
You closely miss something. You hit something.
You hit the orc wizard but do no damage.
An orc wizard appears from thin air!
Reactivating autopickup.
The orc wizard completely misses you. The orc wizard barely misses you.
You furiously retaliate!
You headbutt the orc wizard. Something hits you.
* * * LOW HITPOINT WARNING * * *
Deactivating autopickup; reactivate with Ctrl-A.
Your river rat closely misses the orc wizard.
You barely miss something. You hit the orc wizard. x2
An orc wizard appears from thin air!
Reactivating autopickup.
The orc wizard closely misses you. Something hits you but does no damage.
Deactivating autopickup; reactivate with Ctrl-A.
The orc priest mumbles some strange prayers to Beogh against you.
Beogh smites you!
* * * LOW HITPOINT WARNING * * *
The orc wizard casts a spell.
The orc wizard flickers and vanishes!
The orc wizard hits you with a +1 dagger of venom.
You die...

#+#
#######@###.####
#....ro{o.ooo...
#.#####.###.....
#.# #...o ...
#.# ##### . #.#
#.# #.# #.#


You could see an orc priest, 2 orc wizards, 2 orcs and a friendly river rat.

Vanquished Creatures
  Eustachio (D:4)
  Edmund (D:4)
  A water moccasin (D:5)
  Pargi (Sewer)
  An ice beast (D:6)
  A black bear (D:5)
  A centaur (D:5)
  2 ogres
  A phantom (D:5)
  A bullfrog (D:6)
  A necrophage (D:5)
  A scorpion (D:4)
  An orc priest (D:5)
  A hound (D:5)
  3 orc wizards
  6 adders
  3 worms
  3 dart slugs
  4 orcs
  7 bats
  2 endoplasms
  5 giant cockroaches
  11 goblins
  8 hobgoblins
  7 jackals (D:1)
  9 kobolds
  7 quokkas
  6 ball pythons
  9 frilled lizards
  2 rats
107 creatures vanquished.

Vanquished Creatures (collateral kills)
  A water moccasin (D:5)
  An ogre (D:5)
  Ijyb (D:4)
  A worm (D:5)
4 creatures vanquished.

Grand Total: 111 creatures vanquished

Notes
Turn   | Place    | Note
-------+----------+-------------------------------------------
     0 | D:1      | Exodus22XD the Minotaur Fighter began the quest for the
                  | Orb.
     0 | D:1      | Reached XP level 1. HP: 19/19 MP: 0/0
     1 | D:1      | Noticed a formicid
    11 | D:1      | Noticed a demigod
    13 | D:1      | Noticed an octopode
    15 | D:1      | Noticed a minotaur zombie
   313 | D:1      | Reached XP level 2. HP: 27/27 MP: 1/1
   812 | D:1      | Found a faded altar of an unknown god.
   816 | D:1      | Reached XP level 3. HP: 33/33 MP: 2/2
   888 | D:1      | Reached skill level 3 in Axes
  1200 | D:2      | Identified the ring of Qaipiarch {rF- rCorr Str+7 Dex+6}
  1306 | D:2      | Found the +2 ratskin cloak {*Rats rPois rN+ Str-1 Int-1
                  | Dex+1}
  1619 | D:2      | Reached XP level 4. HP: 40/40 MP: 3/3
  1854 | D:3      | Found a shimmering altar of Xom.
  2111 | D:3      | Reached skill level 4 in Axes
  2353 | D:4      | Noticed a scorpion
  2356 | D:4      | Killed a scorpion
  2357 | D:4      | Reached XP level 5. HP: 47/47 MP: 4/4
  2402 | D:4      | Noticed an ogre
  2404 | D:4      | Killed an ogre
  2405 | D:4      | Reached skill level 5 in Axes
  2458 | D:4      | Noticed Edmund
  2466 | D:4      | Killed Edmund
  2467 | D:4      | Reached skill level 6 in Axes
  2467 | D:4      | Reached skill level 5 in Armour
  2467 | D:4      | Reached XP level 6. HP: 43/55 MP: 5/5
  2490 | D:4      | Found a white marble altar of Elyvilon.
  2581 | D:4      | Found a glowing drain.
  2596 | Sewer    | Entered a sewer
  2732 | Sewer    | Noticed Pargi
  2742 | Sewer    | Killed Pargi
  2743 | Sewer    | Reached skill level 5 in Fighting
  2931 | D:4      | Noticed Eustachio
  3035 | D:4      | Killed Eustachio
  3036 | D:4      | Reached skill level 7 in Axes
  3036 | D:4      | Reached XP level 7. HP: 25/61 MP: 6/6
  3521 | D:4      | Noticed Ijyb
  3531 | D:4      | Killed Ijyb
  3713 | D:5      | Entered Level 5 of the Dungeon
  3883 | D:5      | Reached skill level 8 in Axes
  3894 | D:5      | Reached XP level 8. HP: 30/69 MP: 7/7
  3896 | D:5      | Reached skill level 5 in Shields
  3902 | D:5      | Reached skill level 9 in Axes
  4183 | D:5      | Found a sacrificial altar of Ru.
  4375 | D:5      | Found a staircase to the Ecumenical Temple.
  4413 | Temple   | Entered the Ecumenical Temple
  4899 | D:6      | HP: 1/70 [orc priest/divine providence (16)]
  4899 | D:6      | Slain by an orc wizard

Illustrated notes

Levels and vault maps discovered:
D:1:      shiori_arrival_whats_in_store_for_you, layout_loops_ring,
          shapermc_ecumenical_altar_notcrosses, chequers_serial_rivers_large_a
D:2:      layout_basic, hangedman_decor_riveting, minmay_quantized
D:3:      layout_loops_cross, mainiacjoe_overflow_concentric_impassable
D:4:      layout_gridville, elyvilon_altar_3, portal_sewer_entry_f,
          uniq_eustachio, uniq_edmund, uniq_ijyb
D:5:      layout_basic, overflow_temple_1_default, minmay_temple_entry_tees
D:6:      layout_basic, mainiacjoe_overflow_alcove_2
Temple:   hellmonk_temple_rainy

Skill      XL: |  1  2  3  4  5  6  7  8 |
---------------+-------------------------+-----
Armour         | 4 5 6 7 |  7.8
Fighting       | 4 5 |  5.9
Shields        | 4 5 |  5.3
Axes           | 3 4 6 7 8 9 |  9.7
Unarmed Combat | |  0.7

Action                   |  1- 3 |  4- 6 |  7- 9 || total
-------------------------+-------+-------+-------++-------
Melee: War axe           |    86 |   100 |    88 ||   274
       Headbutt          |    13 |    13 |    15 ||    41
       Unarmed           |       |     9 |       ||     9
  Use: Potion            |       |       |     1 ||     1
Armor: Scale mail        |    39 |    53 |    53 ||   145
Dodge: Dodged            |    40 |    67 |    34 ||   141
Block: Buckler           |    23 |    28 |    20 ||    71
